 Dungeon Crawl Stone Soup version 0.28.0 (webtiles) character file.

Game seed: 12783072527350705261

5904 lastplaneout the Grappler (level 10, -6/147 HPs)
             Began as a Troll Berserker on Feb 13, 2022.
             Was a High Priest of Trog.
             Killed from afar by Erica (16 damage)
             ... with a lance of force
             ... on level 9 of the Dungeon.
             The game lasted 00:16:33 (7015 turns).

lastplaneout the Grappler (Troll Berserker)         Turns: 7015, Time: 00:16:34

Health: -6/147     AC:  5    Str: 31    XL:     10   Next: 53%
Magic:  9/9        EV: 11    Int:  3    God:    Trog [*****.]
Gold:   473        SH:  0    Dex:  9    Spells: 9/9 levels left

rFire   . . .      SeeInvis .     - Unarmed
rCold   . . .      Faith    .   (no shield)
rNeg    + . .      Spirit   .   a - +1 animal skin
rPois   .          Reflect  .   (helmet restricted)
rElec   .          Harm     .   (no cloak)
rCorr   .          Rampage  .   (gloves unavailable)
Will    .....                   (boots unavailable)
Stlth   ..........              (no amulet)
HPRegen 1.14/turn               l - ring of positive energy
MPRegen 0.11/turn               (no ring)

@: confused, berserking, slowed
A: large, unfitting armour, claws 3, regeneration 1, shaggy fur 1, tough skin 1
a: Renounce Religion, Berserk, Trog's Hand, Brothers in Arms


You were on level 9 of the Dungeon.
You worshipped Trog.
Trog was extremely pleased with you.
You visited 1 branch of the dungeon, and saw 9 of its levels.
You also visited: Ossuary.

You collected 473 gold pieces.

Inventory:

Hand Weapons
 q - a +2 whip of flaming
Armour
 a - a +1 animal skin (worn)
 w - +0 steam dragon scales
Jewellery
 l - a ring of positive energy (left claw)
 B - a +4 ring of protection
Wands
 h - a wand of acid (10)
 i - a wand of digging (6)
 t - a wand of paralysis (9)
 x - a wand of mindburst (19)
Scrolls
 b - 2 scrolls of magic mapping
 c - a scroll of brand weapon
 j - 2 scrolls of fear
 n - 6 scrolls of teleportation
 r - a scroll of silence
 u - 2 scrolls of immolation {unknown}
 y - 2 scrolls of enchant weapon
Potions
 d - 3 potions of mutation
 e - 2 potions of might
 f - 3 potions of flight
 g - 5 potions of curing
 k - 4 potions of cancellation
 m - 5 potions of heal wounds
 o - a potion of ambrosia {unknown}
 p - a potion of brilliance {unknown}
 s - 3 potions of magic
 v - 4 potions of haste
 z - a potion of attraction {unknown}
 A - 2 potions of degeneration {unknown}
 C - 2 potions of resistance


   Skills:
 + Level 5.7 Fighting
 + Level 7.3 Dodging
 - Level 12.5 Unarmed Combat


You had 9 spell levels left.
You didn't know any spells.
Your spell library was empty.

Dungeon Overview and Level Annotations

Branches:
Dungeon (9/15)             Temple (0/1) D:7         Ossuary (visited)
   Lair: D:8-11         Orc: D:9-12

Altars:
Cheibriados
Hepliaklqana
Kikubaaqudgha
Nemelex Xobeh
Wu Jian
Zin

Annotations:
D:4 1 runed translucent door
D:9 Erica


Innate Abilities, Weirdness & Mutations

You are too large for most types of armour.
You have claws for hands.
Your natural rate of healing is unusually fast.
You are covered in fur. (AC +1)
You have tough skin. (AC +1)


Message History

You feel extremely sick. Something hits you! Something burns you.
You scratch the kobold brigand but do no damage.
You feel very sick.
The kobold throws a stone.
Something hits you. Something burns you.
You feel better.
The kobold brigand hits you with a +0 short sword.
The kobold throws a stone.
The stone closely misses you. Something hits you!
* * * LOW HITPOINT WARNING * * *
Something burns you.
* * * LOW HITPOINT WARNING * * *
The kobold brigand hits you with a +0 short sword.
* * * LOW HITPOINT WARNING * * *
A red film seems to cover your vision as you go berserk!
You feel yourself moving faster!
You feel mighty!
You hear some strange, mumbled words.
A lance of force appears from out of thin air!
The lance of force hits you!
* * * LOW HITPOINT WARNING * * *
You are knocked back by the lance of force.
You slam into the rock wall!
* * * LOW HITPOINT WARNING * * *
You hear some strange, mumbled words.
You are confused.
You feel a strong urge to attack something.
The kobold hits you with a +0 whip.
* * * LOW HITPOINT WARNING * * *
The kobold brigand hits you with a +0 short sword.
* * * LOW HITPOINT WARNING * * *
Something hits you.
* * * LOW HITPOINT WARNING * * *
Something burns you.
* * * LOW HITPOINT WARNING * * *
The kobold hits you but does no damage.
You closely miss something. The kobold misses you.
The kobold brigand hits you but does no damage.
You hear some strange, mumbled words.
A lance of force appears from out of thin air!
The lance of force hits you!
You die...

..............##
................
................
............####
#..............#
##............#
###..#..######
#...{....#
#.K@K....#
#..K######
##.....# ##......#
###...)#######
#.#..........[
##.#.....#.....
..#
#..........###. ..
..####....##....##


You could see a kobold brigand and 2 kobolds.

Vanquished Creatures
  Pikel (D:7)
  A manticore (D:7)
  6 centaur zombies
  The ghost of ryathie the Skirmisher, an amateur PaFi (D:4)
  2 hornets
  Sigmund (D:4)
  A wraith (D:5)
  A wyvern (D:9)
  A steam dragon (D:7)
  3 water moccasins
  A sky beast (D:8)
  A black bear (D:7)
  2 ice beasts
  3 orc warriors
  3 ogres
  2 necrophages
  2 centaurs
  A phantom (D:4)
  3 lemures (D:7)
  2 kobold brigands
  2 bullfrogs (D:7)
  4 water moccasin zombies
  A bullfrog zombie (D:6)
  5 hounds
  3 jellies
  3 orc priests
  A bullfrog skeleton (D:6)
  A scorpion zombie (D:5)
  Ijyb (D:4)
  5 iguanas
  6 orc wizards
  Natasha (thrice) (D:4)
  2 ogre zombies (Ossuary)
  A hound zombie (D:5)
  7 mummies (Ossuary)
  3 gnolls (D:6)
  2 howler monkey zombies
  10 adders
  2 howler monkey skeletons
  2 shadow imps
  A white imp (D:8)
  2 ufetubi (D:6)
  6 adder zombies (Ossuary)
  A worm (D:4)
  2 dart slugs (D:4)
  39 orcs
  7 ball pythons
  9 endoplasms
  3 giant cockroaches
  6 goblins
  10 hobgoblins
  4 quokkas
  8 bats
  4 frilled lizards
  A gnoll zombie (Ossuary)
  3 goblin zombies (Ossuary)
  5 hobgoblin zombies (Ossuary)
  15 kobolds
  4 kobold zombies (Ossuary)
  4 quokka zombies (Ossuary)
  6 rats
  2 rat zombies (Ossuary)
244 creatures vanquished.

Notes
Turn   | Place    | Note
-------+----------+-------------------------------------------
     0 | D:1      | lastplaneout the Troll Berserker began the quest for the
                  | Orb.
     0 | D:1      | Reached XP level 1. HP: 22/22 MP: 0/0
   160 | D:1      | Reached XP level 2. HP: 29/29 MP: 1/1
   392 | D:1      | Reached skill level 4 in Unarmed Combat
   434 | D:1      | Found a faded altar of an unknown god.
   461 | D:1      | Reached ** piety under Trog
   527 | D:1      | Reached XP level 3. HP: 36/36 MP: 2/2
  1575 | D:3      | Found a hazy altar of Hepliaklqana.
  1579 | D:3      | Reached skill level 5 in Unarmed Combat
  1579 | D:3      | Reached XP level 4. HP: 40/44 MP: 3/3
  1848 | D:3      | Found a snail-covered altar of Cheibriados.
  2191 | D:4      | Reached XP level 5. HP: 33/50 MP: 4/4
  2233 | D:4      | Noticed Sigmund
  2237 | D:4      | Reached *** piety under Trog
  2254 | D:4      | Killed Sigmund
  2255 | D:4      | Reached skill level 6 in Unarmed Combat
  2255 | D:4      | Reached XP level 6. HP: 59/59 MP: 5/5
  2302 | D:4      | Found a sparkling altar of Nemelex Xobeh.
  2325 | D:4      | Reached skill level 7 in Unarmed Combat
  2362 | D:4      | Reached skill level 8 in Unarmed Combat
  2362 | D:4      | Reached XP level 7. HP: 35/66 MP: 6/6
  2421 | D:4      | Noticed Natasha
  2426 | D:4      | Killed Natasha
  2457 | D:4      | Noticed Ijyb
  2471 | D:4      | Killed Ijyb
  2857 | D:4      | Noticed Natasha
  2881 | D:4      | Reached skill level 9 in Unarmed Combat
  2881 | D:4      | Killed Natasha
  2882 | D:4      | Reached **** piety under Trog
  2950 | D:4      | Found a runed translucent door.
  2955 | D:4      | Noticed ryathie's ghost (amateur PaFi)
  2971 | D:4      | Killed ryathie's ghost
  2972 | D:4      | Reached skill level 10 in Unarmed Combat
  2972 | D:4      | Reached XP level 8. HP: 74/74 MP: 7/7
  2974 | D:4      | Found a runed translucent door.
  3137 | D:4      | Noticed Natasha
  3143 | D:4      | Killed Natasha
  3174 | D:5      | Entered Level 5 of the Dungeon
  3185 | D:5      | Noticed a hornet
  3200 | D:5      | Killed a hornet
  3201 | D:5      | Reached skill level 11 in Unarmed Combat
  3428 | D:5      | Reached skill level 12 in Unarmed Combat
  3431 | D:5      | Reached XP level 9. HP: 80/80 MP: 8/8
  4154 | D:6      | Found an ornate altar of the Wu Jian Council.
  4722 | D:7      | Noticed a manticore
  4727 | D:7      | Killed a manticore
  4728 | D:7      | Reached skill level 5 in Dodging
  4816 | D:7      | Noticed Pikel
  4820 | D:7      | Paralysed by a hornet for 1 turns
  4837 | D:7      | Killed Pikel
  4838 | D:7      | Reached XP level 10. HP: 94/94 MP: 7/9
  4857 | D:7      | Found an ancient bone altar of Kikubaaqudgha.
  4870 | D:7      | Found a staircase to the Ecumenical Temple.
  5035 | D:7      | Found a glowing silver altar of Zin.
  5202 | D:7      | Reached skill level 5 in Fighting
  5202 | D:7      | Reached ***** piety under Trog
  5439 | D:8      | Found a sand-covered staircase.
  5744 | Ossuary  | Entered an ossuary
  6632 | D:8      | Received a gift from Trog
  6997 | D:9      | Noticed Erica
  7015 | D:9      | Killed from afar by Erica

Illustrated notes

Levels and vault maps discovered:
D:1:      lemuel_arrival_funnel, layout_loops_ring,
          shapermc_ecumenical_altar_rom_forum, minmay_box_of_dots
D:2:      layout_basic
D:3:      layout_loops_cross, cheibriados_altar_1,
          mainiacjoe_overflow_six_doors_small, minmay_strange_pillars,
          kennysheep_cluttered_room
D:4:      layout_basic, nicolae_overflow_crystal_walls, ebering_ghost_sewer_f,
          uniq_ijyb, uniq_natasha, uniq_sigmund
D:5:      layout_rooms, kennysheep_cross_room, minmay_divided_ellipse
D:6:      layout_cave_pods, mainiacjoe_overflow_paths, serial_column_ruins,
          column_ruins_open_small, column_ruins_grid_1,
          column_ruins_corridor_corner, column_ruins_columns_straight
D:7:      layout_basic, kiku_gazebo_pond_becter, zin_academy,
          minmay_temple_entry_trees, grunt_ministairs_3, uniq_pikel
D:8:      layout_loops_corners, nicolae_ossuary_entry_false_entrances,
          special_room [special_room_orc], grunt_decor_fettered
D:9:      minmay_slanted_spiral_squares, layout_cave_pools,
          hangedman_abyss_or_decor_stagger, uniq_erica

Skill      XL: |  1  2  3  4  5  6  7  8  9 10 |
---------------+-------------------------------+-----
Unarmed Combat | 4 5 6 8 10 12 | 12.5
Dodging        | 5 7 |  7.3
Fighting       | 4 5 |  5.7

Action                   |  1- 3 |  4- 6 |  7- 9 | 10-12 || total
-------------------------+-------+-------+-------+-------++-------
Melee: Unarmed           |   123 |    73 |   237 |   194 ||   627
       Punch             |     1 |     1 |    20 |    16 ||    38
Invok: Berserk           |       |     1 |     5 |     1 ||     7
  Use: Scroll            |       |     2 |    11 |     6 ||    19
       Potion            |       |       |       |     1 ||     1
 Stab: Sleeping          |     1 |       |       |       ||     1
Armor: Animal skin       |    50 |    19 |    47 |    57 ||   173
Dodge: Dodged            |    40 |    27 |   113 |    95 ||   275
